 Dungeon Crawl Stone Soup version 0.18-a0-1745-gffa9a88 (webtiles) character file.

440 dobroeutro the Shield-Bearer (level 7, -2/44 HPs)
             Began as a Gargoyle Fighter on Apr 11, 2016.
             Slain by an ogre
             ... wielding a +0 giant spiked club
              (5 damage)
             ... on level 4 of the Dungeon.
             The game lasted 00:06:12 (2802 turns).

dobroeutro the Shield-Bearer (Gargoyle Fighter)     Turns: 2802, Time: 00:06:13

Health: -2/44      AC: 19    Str: 21    XL:     7   Next: 2%
Magic:  7/7        EV:  6    Int:  8    God:
Gold:   139        SH: 10    Dex: 10    Spells: 0 memorised, 6 levels left

rFire  + . .     SeeInvis .     a - +0 flail
rCold  . . .     Gourm    +     y - +2 chain mail {rF+}
rNeg   + . .     Faith    .     c - +0 shield
rPois  ∞         Spirit   .     (no helmet)
rElec  +         Dismiss  .     u - +2 cloak
rCorr  .         Reflect  .     (no gloves)
SustAt .         Harm     .     (no boots)
MR     .....                    n - amulet of the gourmand
Stlth  ..........               (no ring)
                                w - ring of flight

@: not resistant to hostile enchantments, extremely unstealthy
A: negative energy resistance 1, electricity resistance, unbreathing,
petrification resistance, rot immunity, AC +4
a: Evoke Flight


You were on level 4 of the Dungeon.
You were not hungry.

You visited 1 branch of the dungeon, and saw 4 of its levels.

You collected 139 gold pieces.

Inventory:

Hand Weapons
 a - a +0 flail (weapon)
Missiles
 x - 4 silver tomahawks (quivered)
Armour
 c - a +0 shield (worn)
 u - a +2 cloak (worn)
 y - a +2 chain mail of fire resistance (worn)
Jewellery
 n - an amulet of the gourmand (around neck)
 w - a ring of flight (left hand)
Wands
 s - a wand of lightning (7/15)
 D - a wand of disintegration (7/24)
 E - a wand of lightning (3/15)
Scrolls
 b - 2 scrolls of fog {unknown}
 e - 2 scrolls of teleportation {unknown}
 h - 2 scrolls of amnesia {unknown}
 i - a scroll of remove curse {unknown}
 j - 7 scrolls of identify {unknown}
 m - a scroll of immolation {unknown}
 r - 2 scrolls of enchant armour {unknown}
 t - a scroll of random uselessness {unknown}
 z - a scroll of recharging {unknown}
 C - 3 scrolls of fear {unknown}
Potions
 d - 2 potions of might
 g - a potion of magic {unknown}
 k - 4 potions of curing {unknown}
 o - a potion of degeneration {unknown}
 p - a potion of haste {unknown}
 q - a potion of flight {unknown}
 v - a potion of mutation {unknown}
 A - a potion of brilliance {unknown}
 B - a potion of resistance {unknown}
Comestibles
 f - 5 bread rations
 l - a meat ration


   Skills:
 + Level 4.5 Fighting
 + Level 3.6 Maces & Flails
 + Level 4.9 Armour
 + Level 5.8 Shields


You had 6 spell levels left.
You didn't know any spells.

Dungeon Overview and Level Annotations

Branches:
Dungeon (4/15)
 Temple: D:4-7

Altars:
Gozag
Pakellas
Vehumet
Zin


Innate Abilities, Weirdness & Mutations

You are resistant to torment.
Your stone body is resilient (AC +4).
You are immune to poison.
You resist negative energy.
You are resistant to electric shocks.
You can survive without breathing.
You are immune to petrification.
You are immune to rotting.


Message History

The ogre hits you with a giant spiked club!
You hit the ogre but do no damage.
The ogre is severely wounded.
The ogre closely misses you.
You completely miss the ogre.
The ogre is severely wounded.
The ogre hits you with a giant spiked club.
You closely miss the ogre.
The ogre is severely wounded.
The ogre hits you with a giant spiked club!
* * * LOW HITPOINT WARNING * * *
Drink which item? (? for menu, Esc to quit)
Okay, then.
You closely miss the ogre.
The ogre is severely wounded.
The ogre barely misses you.
You hit the ogre but do no damage.
The ogre is severely wounded.
The ogre hits you with a giant spiked club.
You die...

#################
#######...............#
.....>#...............#
#####.#.........@.....#
##.#..........O....#
#..............(...#
#..................#
#..................#
##'#....)..........#
#####.#####†###########
......# #.#
#####.#####.#############


You could see an ogre.

Vanquished Creatures
  2 scorpions (D:4)
  A hound (D:4)
  An orc priest (D:4)
  Jessica (D:3)
  An iguana (D:4)
  Terence (D:2)
  2 orc wizards
  7 adders
  An adder skeleton (D:4)
  2 worms
  2 dart slugs
  2 giant geckos
  7 orcs
  A ball python (D:2)
  2 giant cockroaches
  9 goblins
  6 hobgoblins
  9 jackals
  4 kobolds
  2 quokkas (D:2)
  6 bats
  6 giant newts
  4 rats
79 creatures vanquished.

Vanquished Creatures (others)
  A rakshasa (D:2)
1 creature vanquished.

Grand Total: 80 creatures vanquished

Notes
Turn   | Place    | Note
--------------------------------------------------------------
     0 | D:1      | dobroeutro the Gargoyle Fighter began the quest for the Orb.
     0 | D:1      | Reached XP level 1. HP: 14/14 MP: 1/1
   141 | D:1      | Reached XP level 2. HP: 18/19 MP: 2/2
   472 | D:1      | Reached XP level 3. HP: 23/23 MP: 3/3
   498 | D:2      | Noticed Terence
   505 | D:2      | Killed Terence
   569 | D:2      | Reached skill level 4 in Shields
   569 | D:2      | Reached XP level 4. HP: 29/29 MP: 4/4
   622 | D:2      | Found a radiant altar of Vehumet.
  1189 | D:2      | Found an oddly glowing altar of Pakellas.
  1189 | D:2      | Noticed a rakshasa
  1206 | D:2      | Killed a rakshasa
  1605 | D:3      | Noticed Jessica
  1623 | D:3      | Killed Jessica
  1623 | D:3      | Reached XP level 5. HP: 20/33 MP: 5/5
  1661 | D:3      | Found an opulent altar of Gozag.
  2201 | D:3      | Found a glowing silver altar of Zin.
  2296 | D:4      | Reached skill level 5 in Shields
  2327 | D:4      | Reached XP level 6. HP: 39/39 MP: 6/6
  2767 | D:4      | Reached XP level 7. HP: 44/44 MP: 7/7
  2802 | D:4      | Slain by an ogre

Vault maps used:
D:1:      dpeg_arrival_short_road
D:2:      forest_paths, vehumet_crystals, gammafunk_pakellas_cloud_experiment,
          uniq_terence
D:3:      overflow_temple_1_default, grunt_gozag_statues, uniq_jessica

Skill      XL: |  1  2  3  4  5 |
---------------+----------------+-----
Shields        | 4 5 |  5.8
Armour         | 4 |  4.9
Fighting       | 4 |  4.5
Maces & Flails | 3 |  3.6

Action                   |  1- 3 |  4- 6 |  7- 9 || total
-------------------------+-------+-------+-------++-------
Melee: Flail             |    76 |   312 |    13 ||   401
Throw: Tomahawk          |       |       |     1 ||     1
  Eat: Chunk             |       |     7 |       ||     7
